 Dungeon Crawl Stone Soup version 0.29.1-12-g30fa7ad0bf (webtiles) character file.

Game seed: 2751527235121206371

1885 mopl the Covert (level 9, -2/57 HPs)
             Began as a Formicid Enchanter on Jan 16, 2023.
             Was a Follower of Okawaru.
             Slain by a wight
             ... wielding a +5 mace
              (3 damage)
             ... on level 7 of the Dungeon.
             The game lasted 00:12:29 (6544 turns).

mopl the Covert (Formicid Enchanter)                Turns: 6544, Time: 00:12:30

Health: -2/57      AC:  9    Str: 13    XL:     9   Next: 37%
Magic:  10/17      EV: 16    Int: 19    God:    Okawaru [*.....]
Gold:   512        SH:  7    Dex: 20    Spells: 8/19 levels left

rFire   . . .      SeeInvis +   a - +1 dagger (venom)
rCold   . . .      Faith    .   H - +0 buckler
rNeg    . . .      Spirit   .   J - +0 steam dragon scales
rPois   .          Reflect  .   (helmet unavailable)
rElec   .          Harm     .   j - scarf {shadows}
rCorr   .          Rampage  .   I - +1 pair of gloves
Will    +....                   g - +0 pair of boots
Stlth   ++++++....              z - amulet of the acrobat
HPRegen 0.19/turn               u - ring of willpower
MPRegen 0.15/turn               e - +6 ring of dexterity

@: heroic
A: permanent stasis, dig shafts and tunnels, antennae 3, four strong arms
a: Dig, Shaft Self, Renounce Religion, Heroism


You were on level 7 of the Dungeon.
You worshipped Okawaru.
Okawaru was aware of your devotion.
You visited 2 branches of the dungeon, and saw 8 of its levels.

You collected 512 gold pieces.

Inventory:

Hand Weapons
 a - a +1 dagger of venom (weapon)
 b - a +0 long sword
 G - a +2 spear of venom
Missiles
 i - a curare-tipped dart
 o - 17 poisoned darts
 L - a throwing net
Armour
 f - a +0 ring mail of fire resistance
 g - a +0 pair of boots (worn)
 j - a scarf of shadows (worn)
 q - a +1 ring mail of cold resistance
 B - a +0 kite shield
 C - a +0 robe of fire resistance
 H - a +0 buckler (worn)
 I - a +1 pair of gloves (worn)
 J - +0 steam dragon scales (worn)
Jewellery
 e - a +6 ring of dexterity (right hand)
 u - a ring of willpower (left hand)
 z - an amulet of the acrobat (around neck)
Wands
 p - a wand of flame (6)
Scrolls
 h - a scroll of brand weapon {unknown}
 m - 2 scrolls of teleportation {unknown}
 n - a scroll of acquirement {unknown}
 r - a scroll of fear {unknown}
 v - a scroll of vulnerability {unknown}
 w - a scroll of enchant weapon {unknown}
 x - a scroll of noise {unknown}
 y - a scroll of summoning {unknown}
 A - 2 scrolls of poison {unknown}
 D - a scroll of enchant armour {unknown}
 E - a scroll of fog {unknown}
 F - a scroll of amnesia {unknown}
Potions
 c - 2 potions of invisibility
 d - 3 potions of haste {unknown}
 k - 3 potions of curing {unknown}
 l - 3 potions of brilliance
 s - a potion of resistance {unknown}
 t - a potion of mutation {!q}
 K - a potion of lignification {unknown}
 M - 2 potions of cancellation {unknown}


   Skills:
 - Level 1.0(6.0) Short Blades
 - Level 1.7(6.7) Dodging
 + Level 8.0(13.0) Stealth
 + Level 4.5(9.5) Shields
 + Level 5.9 Spellcasting
 + Level 7.4 Hexes
 - Level 4.0 Ice Magic
 + Level 3.9 Invocations


You had 8 spell levels left.
You knew the following spells:

 Your Spells              Type           Power      Damage    Failure   Level
a - Confusing Touch       Hex            34%        N/A       1%          3
b - Ensorcelled Hibernat  Hex/Ice        54%        N/A       1%          2
c - Tukima's Dance        Hex            34%        N/A       1%          3
d - Dazzling Flash        Conj/Hex       38%        N/A       9%          3

Your spell library contained the following spells:

 Spells                   Type           Power      Damage    Failure   Level
 Cause Fear               Hex            17%        N/A       6%          4
 Airstrike                Air            2%         2d(1-17)  78%         4
 Olgreb's Toxic Radiance  Pois           5%         N/A       78%         4
 Lightning Bolt           Conj/Air       2%         1d14      98%         5
 Dragon Form              Tmut           2%         N/A       100%        7
 Ozocubu's Refrigeration  Ice            10%        4d9       100%        7
 Ignition                 Fire           2%         3d3       100%        8
 Summon Lightning Spire   Summ/Air       Unusable   N/A       N/A         4
 Dragon's Call            Summ           Unusable   N/A       N/A         9

Dungeon Overview and Level Annotations

Branches:
Dungeon (7/15)             Temple (1/1) D:6

Altars:
Cheibriados
Dithmenos
Fedhas
Gozag
Hepliaklqana
Kikubaaqudgha
Makhleb
Nemelex Xobeh
Okawaru
Qazlal
Sif Muna
Trog
Uskayaw
Wu Jian
The Shining One

Shops:
D:1 =   D:6 *

Annotations:
D:3 3 runed translucent doors, IHuginn's ghost, amateur GrFi
D:6 fire


Innate Abilities, Weirdness & Mutations

You cannot be hasted, slowed, berserked, paralysed or teleported.
You can dig through walls and to a lower floor.
You have a pair of large antennae on your head. (SInv)
Your four strong arms can wield two-handed weapons with a shield.


Message History

You barely miss the wight. The wight misses you.
You hit the wight but do no damage.
The wight hits you with a +3 battleaxe!!
You are too injured to fight recklessly!
You are too injured to fight recklessly!
You hit the wight but do no damage.
The wight appears confused.
The wight hits the orc wizard with a +3 battleaxe!
The orc wizard is killed!
Okawaru accepts your kill. You block the wight's attack.
Your life force feels restored.
You hit the wight.
The wight is lightly damaged.
The wight hits you with a +3 battleaxe!
* * * LOW HITPOINT WARNING * * *
You feel drained.
* * * LOW HITPOINT WARNING * * *
Unknown command.
You hit the wight but do no damage.
The wight is lightly damaged.
The wight hits itself with a +3 battleaxe.
You catch the helpless wight completely off-guard!
You impale the wight!!
You destroy the wight!
Okawaru accepts your kill.
A wight comes into view. It is wielding a +3 dire flail.
The wight hits you with a +5 mace.
* * * LOW HITPOINT WARNING * * *
Your life force feels restored.
Casting: Confusing Touch (safe; 1% risk of failure)
Confirm with . or Enter, or press ? or * to list all spells.
Your hands begin to glow red.
The wight hits you with a +5 mace.
* * * LOW HITPOINT WARNING * * *
Unknown command.
You hit the wight but do no damage.
The wight appears confused.
The wight hits you with a +5 mace.
* * * LOW HITPOINT WARNING * * *
You gain the combat prowess of a mighty hero.
The wight hits you with a +5 mace.
You die...

###### .....##
####...######
.......@zz..#
###...####.# ##.##
.#####.# .......#
..####.#####.#
#..####........ #
##..............
#.....####.#####.#


You could see 2 wights.

Vanquished Creatures
  A wyvern (D:7)
  A steam dragon (D:7)
  3 ice beasts
  A black bear (D:4)
  3 ogres
  A phantom (D:4)
  A kobold brigand (D:7)
  A gnoll sergeant (D:7)
  A necrophage (D:7)
  A wight (D:7)
  2 howler monkeys (D:6)
  A jelly (D:5)
  A hound (D:6)
  2 orc priests
  6 iguanas
  3 orc wizards
  10 gnolls
  7 adders
  A worm (D:3)
  3 dart slugs
  11 orcs
  6 ball pythons
  6 endoplasms
  2 giant cockroaches (D:3)
  2 goblins
  3 hobgoblins
  6 jackals
  3 quokkas
  2 bats
  12 frilled lizards
  15 kobolds
  A rat (D:3)
119 creatures vanquished.

Notes
Turn   | Place    | Note
-------+----------+-------------------------------------------
     0 | D:1      | mopl the Formicid Enchanter began the quest for the Orb.
     0 | D:1      | Reached XP level 1. HP: 13/13 MP: 3/3
   419 | D:1      | Reached XP level 2. HP: 19/19 MP: 5/5
   422 | D:1      | Learned a level 2 spell: Ensorcelled Hibernation
   602 | D:1      | Reached skill level 4 in Stealth
   618 | D:1      | Reached skill level 4 in Hexes
   864 | D:1      | Reached XP level 3. HP: 24/24 MP: 6/6
   868 | D:1      | Learned a level 3 spell: Confusing Touch
  1123 | D:1      | Found Puskischu's Jewellery Emporium.
  1512 | D:1      | Reached skill level 1 in Ice Magic
  1663 | D:2      | Reached XP level 4. HP: 30/30 MP: 5/8
  1762 | D:2      | Reached skill level 3 in Spellcasting
  2092 | D:2      | Learned a level 3 spell: Tukima's Dance
  2602 | D:3      | Reached XP level 5. HP: 35/35 MP: 5/9
  2695 | D:3      | Found a faded altar of an unknown god.
  2897 | D:3      | Found a runed translucent gate.
  2898 | D:3      | Found a runed translucent gate.
  2899 | D:3      | Found a runed translucent gate.
  2901 | D:3      | Noticed IHuginn's ghost (amateur GrFi)
  3584 | D:4      | Reached skill level 5 in Stealth
  3623 | D:4      | Reached skill level 2 in Ice Magic
  3716 | D:4      | Noticed a black bear
  3722 | D:4      | Killed a black bear
  3723 | D:4      | Reached skill level 5 in Hexes
  3723 | D:4      | Reached XP level 6. HP: 41/41 MP: 11/11
  3759 | D:4      | Learned a level 3 spell: Dazzling Flash
  3791 | D:4      | Noticed an ice beast
  3805 | D:4      | Killed an ice beast
  3806 | D:4      | Reached skill level 4 in Spellcasting
  3806 | D:4      | Reached XP level 7. HP: 32/46 MP: 8/13
  3927 | D:4      | Reached skill level 3 in Ice Magic
  4006 | D:4      | Found a sparkling altar of Nemelex Xobeh.
  4111 | D:5      | Entered Level 5 of the Dungeon
  4144 | D:5      | Reached skill level 6 in Stealth
  4612 | D:5      | Reached skill level 6 in Hexes
  4949 | D:6      | Reached XP level 8. HP: 52/52 MP: 14/14
  4991 | D:6      | Found a staircase to the Ecumenical Temple.
  4999 | Temple   | Entered the Ecumenical Temple
  5015 | Temple   | Became a worshipper of Warmaster Okawaru
  5065 | D:6      | Found Dnegutt's Desiderata Depot.
  5087 | D:6      | Reached skill level 1 in Shields
  5107 | D:6      | Reached skill level 4 in Ice Magic
  5107 | D:6      | Reached skill level 1 in Invocations
  5129 | D:6      | Reached skill level 2 in Shields
  5129 | D:6      | Reached skill level 5 in Spellcasting
  5152 | D:6      | Reached skill level 7 in Stealth
  5152 | D:6      | Reached skill level 2 in Invocations
  5661 | D:7      | Noticed a wyvern
  5666 | D:7      | Killed a wyvern
  5666 | D:7      | Reached * piety under Okawaru
  5667 | D:7      | Reached skill level 3 in Shields
  5675 | D:7      | Reached XP level 9. HP: 54/57 MP: 12/17
  5678 | D:7      | Reached skill level 7 in Hexes
  5678 | D:7      | Reached skill level 3 in Invocations
  6016 | D:7      | Reached skill level 4 in Shields
  6510 | D:7      | Reached skill level 8 in Stealth
  6543 | D:7      | HP: 1/57 [wight/+5 mace (5)]
  6544 | D:7      | Slain by a wight

Illustrated notes

Levels and vault maps discovered:
D:1:      minmay_arrival_three_doors, layout_loops_corners, serial_shops, shop,
          minmay_lizard_pond
D:2:      layout_basic
D:3:      layout_basic, biasface_ghost_orc_armoury, basic_ecumenical_altar
D:4:      layout_basic, mainiacjoe_overflow_concentric_impassable
D:5:      layout_cave_pools
D:6:      layout_rooms, minmay_temple_entry_poolview, nicolae_alphabet_shops,
          minmay_stone_trees_small
D:7:      layout_loops_ring, serial_shops, shop, serial_co_window_serial,
          co_window_corner_a, co_window_corner_a, co_window_paths_b,
          co_window_of_opportunity_a, co_window_of_opportunity_a,
          co_window_corner_b, co_window_corner_cb, co_window_of_opportunity_b,
          co_window_2corner, glass_columns_a, glass_columns_a, uniq_maggie
Temple:   nicolae_temple_bog_church

Skill      XL: |  1  2  3  4  5  6  7  8  9 |
---------------+----------------------------+-----
Stealth        | 4 5 6 7 8 |  8.0
Hexes          | 4 5 6 7 |  7.4
Ice Magic      | 1 2 3 4 |  4.0
Spellcasting   | 3 4 5 |  5.9
Shields        | 3 4 |  4.5
Invocations    | 2 3 |  3.9
Short Blades   | |  1.0
Dodging        | |  1.7

Action                   |  1- 3 |  4- 6 |  7- 9 || total
-------------------------+-------+-------+-------++-------
Melee: Dagger            |    63 |    90 |   125 ||   278
       Long sword        |    31 |       |       ||    31
       Punch             |     3 |     2 |     3 ||     8
 Cast: Ensorcelled Hiber |     6 |    30 |    32 ||    68
       Confusing Touch   |       |     1 |     6 ||     7
       Tukima's Dance    |       |       |     2 ||     2
Invok: Heroism           |       |       |     1 ||     1
  Use: Scroll            |       |       |     4 ||     4
 Stab: Sleeping          |     9 |    25 |    27 ||    61
       Confused          |       |     2 |     7 ||     9
Armor: Robe              |    18 |    16 |    17 ||    51
Dodge: Dodged            |    65 |    33 |    65 ||   163
Block: Buckler           |       |       |     5 ||     5
